 Dungeon Sprint DCSS version 0.24-a0-250-g6074511092 (webtiles) character file.

Game seed: 857683296355477771

1115 Redear the Grappler (level 8, -1/88 HPs)
             Began as a Troll Fighter on Apr 15, 2019.
             Was a High Priest of Cheibriados.
             Slain by an ogre
             ... wielding a +0 giant club
              (5 damage)
             ... while petrified by a basilisk
             ... in the Dungeon (Sprint VII: "The Pits").
             The game lasted 00:01:24 (277 turns).

Redear the Grappler (Troll Fighter)                  Turns: 277, Time: 00:01:25

Health: -1/88      AC:  6    Str: 39    XL:     8   Next: 12%
Magic:  2/7        EV:  1    Int: 20    God:    Cheibriados [*****.]
Gold:   0          SH:  0    Dex: 23    Spells: 7/7 levels left

rFire    . . .     SeeInvis .     - Unarmed
rCold    . . .     Gourm    +   b - +0 shield
rNeg     + + +     Faith    .   a - +0 robe
rPois    ∞         Spirit   .   (helmet restricted)
rElec    .         Reflect  .   (no cloak)
rCorr    .         Harm     .   (gloves unavailable)
MR       .....     NoTele   +   (boots unavailable)
Stlth    ++........             (no amulet)
HPRegen  0.64/turn              (no ring)
MPRegen  0.10/turn              (no ring)

@: petrified, very slow
A: large, unfitting armour, claws 3, fast metabolism 3, gourmand, regeneration
1, shaggy fur 1, tough skin 3
a: Bend Time, Temporal Distortion, Slouch, Step From Time, Renounce Religion


You were in the Dungeon.
You worshipped Cheibriados.
Cheibriados was extremely pleased with you.
You were not hungry.

You visited 1 branch

Inventory:

Armour
 a - a +0 robe (worn)
 b - a +0 shield (worn)
Scrolls
 e - 5 scrolls of amnesia
 g - a scroll of summoning
 B - a scroll of blinking {@r4}
 N - 3 scrolls of remove curse
Potions
 c - a potion of might {Str+5 DMG+1d10 | @q3}
 d - 2 potions of invisibility
 f - 4 potions of heal wounds {@q1}
 h - 4 potions of magic
 i - 3 potions of berserk rage
 H - a potion of haste {@q5}
 Q - 6 potions of curing {@q2}
Comestibles
 z - 10 rations


   Skills:
 + Level 8.0 Fighting
 + Level 8.0 Dodging
 + Level 8.0 Shields
 + Level 9.2 Unarmed Combat


You had 7 spell levels left.
You didn't know any spells.
Your spell library was empty.

Dungeon Overview and Level Annotations

Branches:
Dungeon (1/1)

Altars:
Ashenzari
Cheibriados
Dithmenos
Elyvilon
Fedhas
Gozag
Hepliaklqana
Kikubaaqudgha
Makhleb
Nemelex Xobeh
Okawaru
Qazlal
Ru
Sif Muna
Trog
Uskayaw
Vehumet
Wu Jian
Xom
Yredelemnul
Zin
The Shining One
Beogh
Jiyva
Lugonu


Innate Abilities, Weirdness & Mutations

You are too large for most types of armour.
You have claws for hands.
Your metabolism is lightning-fast.
You like to eat raw meat.
Your natural rate of healing is unusually fast.
You are covered in fur. (AC +1)
You have extremely tough skin. (AC +3)


Message History

You barely miss the ice beast.
The ice beast is almost dead.
The ice beast hits you but does no damage.
The ogre hits you with a +0 giant club!!
* * * LOW HITPOINT WARNING * * *
You have turned to stone.
The ice beast hits you. The ice beast freezes you!
* * * LOW HITPOINT WARNING * * *
The ogre hits you with a +0 giant club!
* * * LOW HITPOINT WARNING * * *
The ice beast hits you but does no damage.
The ice beast hits you.
* * * LOW HITPOINT WARNING * * *
The ice beast freezes you!
* * * LOW HITPOINT WARNING * * *
The ogre hits you with a +0 giant club!
* * * LOW HITPOINT WARNING * * *
The ice beast hits you but does no damage.
The ogre hits you with a +0 giant club!
You die...

#.#...)))[.##.......#
#.#...)))[.##.......#
#'###########.......#
#.......#.. #########
#.###†..#.# ####
#.#.....#.#....#
#.#...#.#'#†...#
#.....#.#YOl...+
#...###.#@#....#
#.......')# ...#
########### ###


You could see a basilisk, an ice beast and an ogre.

Vanquished Creatures
  An orange demon (D)
  A smoke demon (D)
  A flying skull (D)
  A water moccasin (D)
  A floating eye (D)
  2 quasits (D)
  2 gnolls (D)
  A river rat (D)
  An ufetubus (D)
  4 oozes (D)
  A leopard gecko (D)
  2 bats (D)
  A goblin (D)
  A hobgoblin (D)
  2 rats (D)
22 creatures vanquished.

Notes
Turn   | Place    | Note
-------+----------+-------------------------------------------
     0 | D        | Redear the Troll Fighter began the quest for the Orb.
     0 | D        | Reached XP level 1. HP: 22/22 MP: 0/0
    39 | D        | Found a glowing golden altar of the Shining One.
    39 | D        | Found a glowing silver altar of Zin.
    39 | D        | Found a basalt altar of Yredelemnul.
    39 | D        | Found a shimmering altar of Xom.
    39 | D        | Found an ornate altar of the Wu Jian Council.
    39 | D        | Found a bloodstained altar of Trog.
    39 | D        | Found a deep blue altar of Sif Muna.
    39 | D        | Found a sacrificial altar of Ru.
    39 | D        | Found a stormy altar of Qazlal.
    39 | D        | Found an iron altar of Okawaru.
    39 | D        | Found a sparkling altar of Nemelex Xobeh.
    39 | D        | Found a burning altar of Makhleb.
    39 | D        | Found a viscous altar of Jiyva.
    39 | D        | Found a hazy altar of Hepliaklqana.
    39 | D        | Found an opulent altar of Gozag.
    39 | D        | Found a blossoming altar of Fedhas.
    39 | D        | Found a white marble altar of Elyvilon.
    39 | D        | Found a shadowy altar of Dithmenos.
    39 | D        | Found a snail-covered altar of Cheibriados.
    40 | D        | Found a radiant altar of Vehumet.
    40 | D        | Found a corrupted altar of Lugonu.
    40 | D        | Found a roughly hewn altar of Beogh.
    41 | D        | Found a hide-covered altar of Uskayaw.
    41 | D        | Found an ancient bone altar of Kikubaaqudgha.
    41 | D        | Found a shattered altar of Ashenzari.
    47 | D        | Became a worshipper of Cheibriados the Contemplative
    71 | D        | Noticed a floating eye
    75 | D        | Killed a floating eye
    75 | D        | Reached skill level 4 in Fighting
    75 | D        | Reached skill level 4 in Dodging
    75 | D        | Reached skill level 4 in Shields
    75 | D        | Reached skill level 4 in Unarmed Combat
    75 | D        | Reached XP level 2. HP: 33/33 MP: 1/1
    75 | D        | Reached XP level 3. HP: 40/40 MP: 2/2
    75 | D        | Reached XP level 4. HP: 49/49 MP: 3/3
    77 | D        | Reached * piety under Cheibriados
    77 | D        | Reached skill level 5 in Unarmed Combat
    84 | D        | Reached ** piety under Cheibriados
   100 | D        | Reached *** piety under Cheibriados
   145 | D        | Noticed a water moccasin
   147 | D        | Reached XP level 5. HP: 51/55 MP: 4/4
   147 | D        | Noticed a flying skull
   153 | D        | Killed a water moccasin
   153 | D        | Reached **** piety under Cheibriados
   153 | D        | Reached skill level 5 in Fighting
   153 | D        | Reached skill level 5 in Dodging
   153 | D        | Reached skill level 5 in Shields
   153 | D        | Reached skill level 6 in Unarmed Combat
   168 | D        | Killed a flying skull
   168 | D        | Reached skill level 6 in Fighting
   168 | D        | Reached skill level 6 in Dodging
   168 | D        | Reached skill level 6 in Shields
   168 | D        | Reached skill level 7 in Unarmed Combat
   168 | D        | Reached XP level 6. HP: 22/68 MP: 5/5
   171 | D        | Reached ***** piety under Cheibriados
   255 | D        | Noticed an orange demon
   262 | D        | Killed an orange demon
   262 | D        | Reached skill level 7 in Fighting
   262 | D        | Reached skill level 7 in Dodging
   262 | D        | Reached skill level 7 in Shields
   262 | D        | Reached skill level 8 in Unarmed Combat
   262 | D        | Reached XP level 7. HP: 64/78 MP: 6/6
   265 | D        | Noticed a basilisk
   265 | D        | Noticed a smoke demon
   271 | D        | Killed a smoke demon
   271 | D        | Reached skill level 8 in Fighting
   271 | D        | Reached skill level 8 in Dodging
   271 | D        | Reached skill level 8 in Shields
   271 | D        | Reached skill level 9 in Unarmed Combat
   271 | D        | Reached XP level 8. HP: 35/88 MP: 1/7
   276 | D        | HP: 4/88 [ogre/+0 giant club (7)]
   277 | D        | Slain by an ogre

Levels and vault maps discovered:
D:        pitsprint [storerooms_1, entrance_room_1, metal_vault_6, armoury_1,
          mini_pit_1, grid_room_1, main_hall_1, silver_pit, the_coven_2,
          the_vestibule_1, steel_vault_5, golden_pit, hallway_of_sentries,
          crystal_vault_5, iron_vault_2, final_vault]

Skill      XL: |  1  2  3  4  5  6  7 |
---------------+----------------------+-----
Fighting       | 4 6 7 8 |  8.0
Dodging        | 4 6 7 8 |  8.0
Shields        | 4 6 7 8 |  8.0
Unarmed Combat | 4 5 7 8 9 |  9.2

Action                   |  1- 3 |  4- 6 |  7- 9 || total
-------------------------+-------+-------+-------++-------
Melee: Unarmed           |    12 |    53 |     4 ||    69
Invok: Slouch            |       |     1 |     1 ||     2
  Use: Potion            |       |     1 |     1 ||     2
 Stab: Sleeping          |       |     1 |       ||     1
Armor: Robe              |     2 |    25 |     6 ||    33
Dodge: Dodged            |     3 |    43 |     4 ||    50
Block: Shield            |     5 |    39 |     5 ||    49

Table legend:
 A = Non-vault XP
 B = Vault XP
 C = Vault XP percentage of total XP
 D = Non-vault monster count
 E = Vault monster count
 F = Vault count percentage of total count
                 A         B        C        D         E       F
            +---------+---------+-------+---------+---------+-------
      Total |       0 |    1593 | 100.0 |       0 |      22 | 100.0
            +---------+---------+-------+---------+---------+-------
          D |       0 |    1593 | 100.0 |       0 |      22 | 100.0
            +---------+---------+-------+---------+---------+-------
